 Dungeon Crawl Stone Soup version 0.25-a0-835-gb37b1c2 (webtiles) character file.

Game seed: 377172698217501988, levelgen mode: deterministic

522 smeego the Slasher (level 7, -3/48 HPs)
             Began as an Octopode Fighter on Apr 23, 2020.
             Slain by Grinder (6 damage)
             ... while paralysed by Grinder
             ... in a sewer.
             The game lasted 00:03:28 (1962 turns).

smeego the Slasher (Octopode Fighter)               Turns: 1962, Time: 00:03:28

Health: -3/48      AC:  1    Str: 15    XL:     7   Next: 22%
Magic:  7/7        EV:  2    Int: 13    God:
Gold:   158        SH:  0    Dex: 11    Spells: 6/6 levels left

rFire    . . .     SeeInvis .   a - +0 long sword
rCold    . . .     Gourm    .   b - +0 kite shield
rNeg     . . .     Faith    .   (helmet restricted)
rPois    .         Spirit   .   (no amulet)
rElec    .         Reflect  .   (no ring)
rCorr    .         Harm     .   (no ring)
MR       .....                  (no ring)
Stlth    +++.......             (no ring)
HPRegen  0.16/turn              (no ring)
MPRegen  0.10/turn              (no ring)
                                (no ring)
                                (no ring)

@: paralysed
A: almost no armour, stealthy swim, amphibious, 8 rings, constrict 8, camouflage
1, gelatinous body 1
a: no special abilities


You were in a sewer.
You were not hungry.

You visited 1 branch of the dungeon, and saw 5 of its levels.
You also visited: Sewer.

You collected 158 gold pieces.

Inventory:

Hand Weapons
 a - a +0 long sword (weapon)
 k - a cursed -2 dagger
 m - a +3 short sword
Missiles
 n - 7 poisoned darts (quivered)
Armour
 b - a +0 kite shield (worn)
Jewellery
 e - an uncursed amulet of guardian spirit
Wands
 g - a wand of random effects (17)
Scrolls
 f - a scroll of enchant armour {unknown}
 h - a scroll of enchant weapon {unknown}
 j - a scroll of identify
Potions
 c - 2 potions of might
 i - a potion of cancellation
 l - 4 potions of curing
 o - a potion of brilliance {unknown}
 p - a potion of magic {unknown}
 q - a potion of flight {unknown}
 r - a potion of heal wounds {unknown}
Comestibles
 d - a ration


   Skills:
 + Level 4.1 Fighting
 * Level 4.4 Long Blades
 + Level 4.0 Dodging
 + Level 3.6 Stealth
 + Level 4.1 Shields
 + Level 2.3 Unarmed Combat


You had 6 spell levels left.
You didn't know any spells.
Your spell library contained the following spells:

 Spells                   Type           Power        Failure   Level  Hunger
 Stone Arrow              Conj/Erth      #.....       98%         3    ####...
 Olgreb's Toxic Radiance  Pois           #.......     100%        4    #####..
 Iron Shot                Conj/Erth      #.........   100%        6    #######
 Statue Form              Tmut/Erth      #........    100%        6    #######


Dungeon Overview and Level Annotations

Branches:
Dungeon (5/15)              Sewer (1/1)
 Temple: D:4-7

Altars:
Wu Jian

Annotations:
Sewer Grinder


Innate Abilities, Weirdness & Mutations

You cannot wear most types of armour.
You are very stealthy in the water. (Stealth+)
You are amphibious.
You can wear up to eight rings at the same time.
You can use your tentacles to constrict eight enemies at once.
Your skin changes colour to match your surroundings (Stealth+).
Your rubbery body absorbs attacks. (AC +1, EV +1)


Message History

You start resting.
Something unseen opens the gate.
The shadow imp closely misses you.
There is an open gate here.
You hit the shadow imp. Your grab misses the shadow imp.
The shadow imp is moderately wounded.
Grinder gestures at you.
You suddenly lose the ability to move!
The shadow imp completely misses you.
The kobold hits you with a cursed -2 short sword.
The shadow imp completely misses you. Grinder hits you.
The kobold hits you with a cursed -2 short sword.
The shadow imp hits you. Grinder hits you!
You writhe in agony.
The kobold hits you but does no damage. The shadow imp hits you.
* * * LOW HITPOINT WARNING * * *
Grinder hits you!
* * * LOW HITPOINT WARNING * * *
The kobold hits you but does no damage. The shadow imp hits you.
* * * LOW HITPOINT WARNING * * *
Grinder hits you.
You die...

≈≈≈≈≈≈≈≈≈≈≈# ##.##
≈≈≈≈≈≈≈≈≈≈≈###...##
≈≈≈≈)≈≈.≈≈≈##≈...≈#
#########.###≈...≈#
≈≈≈≈≈≈.(.÷≈##≈...≈#
≈≈≈≈≈≈)#.≈≈##≈...≈#
≈≈≈≈≈≈)#.≈≈##≈...≈#
≈≈≈≈≈≈.#..≈##≈...≈#
≈≈≈≈≈..#..≈###''@##
≈≈≈≈...#.≈≈##..5K5#########
##≈#.####.###..⌠.(.#≈≈≈≈≈≈##
.....≈≈#...#.....⌠(((.....!#
....≈≈≈≈...'.⌠._...'....K.?!∩
.....≈≈#...#.....⌠.'......!##
≈###.####.###..⌠...#≈≈≈≈≈≈##
≈≈≈....#.)≈##.....#########
≈≈≈≈≈..#.≈≈###'''##


You could see Grinder, a shadow imp and a kobold.

Vanquished Creatures
  A necrophage (Sewer)
  A big kobold (Sewer)
  A wight (Sewer)
  A bullfrog zombie (D:5)
  2 orc wizards (D:4)
  A bullfrog skeleton (D:4)
  A worker ant (D:4)
  3 big kobold zombies (Sewer)
  3 adders (D:5)
  2 shadow imps (Sewer)
  3 ufetubi (Sewer)
  3 oozes
  An adder zombie (Sewer)
  An adder skeleton (D:4)
  9 orcs
  A bat zombie (Sewer)
  5 giant cockroaches
  2 goblins
  2 hobgoblins
  11 kobolds
  A ball python (Sewer)
  A bat (D:3)
  2 frilled lizards
  2 giant cockroach zombies (Sewer)
  2 kobold zombies (Sewer)
  A rat (D:2)
63 creatures vanquished.

Notes
Turn   | Place    | Note
-------+----------+-------------------------------------------
     0 | D:1      | smeego the Octopode Fighter began the quest for the Orb.
     0 | D:1      | Reached XP level 1. HP: 16/16 MP: 1/1
   234 | D:3      | Reached XP level 2. HP: 21/21 MP: 2/2
   285 | D:3      | Reached skill level 1 in Stealth
   332 | D:4      | Reached XP level 3. HP: 8/26 MP: 3/3
   743 | D:4      | Reached skill level 1 in Unarmed Combat
   743 | D:4      | Reached XP level 4. HP: 31/31 MP: 4/4
   770 | D:4      | Reached XP level 5. HP: 32/36 MP: 5/5
   874 | D:4      | Identified the Papyrus of the Nocuous Mountains
   947 | D:4      | Found an ornate altar of the Wu Jian Council.
  1094 | D:5      | Entered Level 5 of the Dungeon
  1123 | D:5      | Found a glowing drain.
  1188 | Sewer    | Entered a sewer
  1315 | Sewer    | Reached XP level 6. HP: 39/43 MP: 6/6
  1385 | Sewer    | Found an ancient bone altar of Kikubaaqudgha.
  1629 | Sewer    | Noticed a necrophage
  1868 | Sewer    | Killed a necrophage
  1868 | Sewer    | Reached XP level 7. HP: 48/48 MP: 7/7
  1944 | Sewer    | Noticed Grinder
  1958 | Sewer    | Paralysed by Grinder for 7 turns
  1962 | Sewer    | Slain by Grinder

Levels and vault maps discovered:
D:1:      dpeg_arrival_windows_large_door, layout_basic
D:2:      layout_basic, first_ration, nrook_uturn, hangedman_decor_points,
          nicolae_gozag_seed_capital
D:3:      layout_rooms
D:4:      layout_loops_corners, lemuel_round_altar
D:5:      layout_cave_pools, minitemple, gup_sewer_entry_glass
Sewer:    kennysheep_sewer_church

Skill      XL: |  1  2  3  4  5  6  7 |
---------------+----------------------+-----
Stealth        | 1 2 3 |  3.6
Unarmed Combat | 1 2 |  2.3
Long Blades    | 3 4 |  4.4
Fighting       | 4 |  4.1
Shields        | 4 |  4.1
Dodging        | 4 |  4.0

Action                   |  1- 3 |  4- 6 |  7- 9 || total
-------------------------+-------+-------+-------++-------
Melee: Long sword        |    28 |   111 |     6 ||   145
       Constrict         |     8 |    34 |     2 ||    44
       Tentacles         |     4 |    25 |     2 ||    31
       Punch             |       |     3 |     1 ||     4
  Use: Scroll            |       |     3 |       ||     3
       Potion            |       |     2 |       ||     2
 Stab: Sleeping          |     2 |     2 |       ||     4
  Eat: Ration            |       |     1 |       ||     1
Armor: Skin              |     2 |     9 |     2 ||    13
Dodge: Dodged            |    19 |    54 |     6 ||    79
Block: Kite shield       |    15 |    56 |     3 ||    74
       Rpst.: Long sword |     4 |    13 |     1 ||    18

Table legend:
 A = Non-vault XP
 B = Vault XP
 C = Vault XP percentage of total XP
 D = Non-vault monster count
 E = Vault monster count
 F = Vault count percentage of total count
                 A         B        C        D         E       F
            +---------+---------+-------+---------+---------+-------
      Total |     268 |     479 |  64.1 |      29 |      34 |  54.0
            +---------+---------+-------+---------+---------+-------
        D:2 |       9 |       0 |   0.0 |       6 |       0 |   0.0
        D:3 |       7 |       0 |   0.0 |       4 |       0 |   0.0
        D:4 |     203 |       0 |   0.0 |      18 |       0 |   0.0
        D:5 |      49 |      42 |  46.2 |       1 |       4 |  80.0
      Sewer |       0 |     437 | 100.0 |       0 |      30 | 100.0
            +---------+---------+-------+---------+---------+-------
